 Dungeon Crawl Stone Soup version bcrawl-1.40.2 (webtiles) character file.

Game seed: 4273783304894502453

162087 Mehrunes the Vandal (level 8, -12/66 HPs)
             Began as an Oni Earth Elementalist on Nov 15, 2023.
             Was a Believer of Cheibriados.
             Mangled by a mana viper (shapeshifter) (18 damage)
             ... on level 5 of the Dungeon.
             The game lasted 00:21:32 (8311 turns).

Mehrunes the Vandal (Oni Earth Elementalist)        Turns: 8311, Time: 00:21:32

Health: -12/66     AC:  7    Str: 22    XL:     8   Next: 71%
Magic:  1/15       EV: 18    Int: 24    God:    Cheibriados [**....]
Gold:   243        SH:  0    Dex: 17    Spells: 3/14 levels left

rFire    . . .     GDR:     28% b - +0 hunting sling
rCold    . . .     SeeInvis .   (no shield)
rNeg     . . .     Gourm    .   h - +0 ring mail
rPois    .         Faith    +   B - +1 hat of the Beggar {Str+3}
rElec    .         Spirit   .   (no cloak)
rCorr    .         Reflect  .   D - +0 pair of gloves
MR       .....     Clarity  +   (no boots)
Stlth    ++........             g - amulet of faith
HPRegen  0.21/turn              c - +5 ring of evasion
MPRegen  0.14/turn              (no ring)

@: very slightly contaminated, hasted, slow
A: oni magic, claws 1, fangs 1, horns 1
a: Bend Time, Defer, Renounce Religion


You were on level 5 of the Dungeon.
You worshipped Cheibriados.
Cheibriados was pleased with you.
You were not hungry.

You visited 2 branches of the dungeon, and saw 7 of its levels.

You collected 243 gold pieces.

Inventory:

Hand Weapons
 a - a +0 flail
 b - a +0 hunting sling (weapon)
Missiles
 k - 1078 stones
 p - 579 sling bullets (quivered)
 w - 3 throwing nets {=f}
 C - 131 poisoned tomahawks
Armour
 h - a +0 ring mail (worn)
 B - the +1 hat of the Beggar (worn) {Str+3}
   (You found it on level 4 of the Dungeon)

   It affects your strength (+3).
 D - a +0 pair of gloves (worn)
Jewellery
 c - a +5 ring of evasion (left hand)
 g - an amulet of faith (around neck)
Wands
 x - a wand of digging (9)
Scrolls
 d - a scroll of enchant weapon
 i - 3 scrolls of identify
 q - 4 scrolls of remove curse
 t - a scroll of immolation {unknown}
 u - a scroll of noise {unknown}
 v - 2 scrolls of revelation {unknown}
 E - 2 scrolls of enchant armour {unknown}
Potions
 f - 2 potions of curing {unknown}
 j - 3 potions of haste
 m - a potion of might {unknown}
 n - 3 potions of cancellation {unknown}
 o - a potion of invisibility {unknown}
 r - a potion of heal wounds {unknown}
 s - a potion of lignification {unknown}
 z - a potion of ambrosia {unknown}
 A - a potion of berserk rage {unknown}
Comestibles
 e - 12 rations {!d}


   Skills:
 + Level 4.1 Fighting
 + Level 4.2 Maces & Flails
 + Level 4.5 Slings
 + Level 4.3 Dodging
 - Level 2.9 Stealth
 - Level 1.0 Unarmed Combat
 + Level 3.9 Spellcasting
   Level 3.9 Conjurations
   Level 3.9 Hexes
   Level 3.9 Charms
   Level 3.9 Summonings
   Level 3.9 Necromancy
   Level 3.9 Translocations
   Level 3.9 Transmutations
   Level 3.9 Fire Magic
   Level 3.9 Ice Magic
   Level 3.9 Air Magic
   Level 3.9 Earth Magic
   Level 3.9 Poison Magic


You had 3 spell levels left.
You knew the following spells:

 Your Spells              Type           Power        Failure   Level  Hunger
a - Sandblast             Erth           ####..       2%          1    None
b - Stone Arrow           Conj/Erth      ###...       10%         3    ###....
c - Portal Projectile     Tloc           ####..       7%          3    ###....
d - Petrify               Tmut/Erth      ###.......   30%         4    #####..

Your spell library contained the following spells:

 Spells                   Type           Power        Failure   Level  Hunger
 Apportation              Tloc           ####..       2%          1    None
 Passwall                 Tmut/Erth      ###.....     4%          2    None
 Beckoning                Tloc           ####......   7%          3    ###....
 Lightning Bolt           Conj/Air       ###.....     30%         4    #####..
 Lee's Rapid Deconstruct  Erth           ####......   54%         5    ######.


Dungeon Overview and Level Annotations

Branches:
Dungeon (6/12)             Temple (1/1) D:4

Altars:
Cheibriados
Fedhas
Gozag
Hepliaklqana
Kikubaaqudgha
Lugonu
Nemelex Xobeh
Okawaru
Qazlal
Sif Muna
Trog
Uskayaw
Vehumet
Wu Jian
Xom
Yredelemnul

Annotations:
D:6 Grinder


Innate Abilities, Weirdness & Mutations

You learn spells by gaining experience, not through books or religion.
You only train spellcasting to practice magic.
You have sharp fingernails.
You have very sharp teeth.
You have a pair of small horns on your head.


Message History

The mana viper barely misses you. Something hits you. Something shocks you.
The mana viper completely misses you.
There is an escape hatch in the ceiling here.
Something hits you. Something shocks you. The mana viper bites you!!
* * * LOW HITPOINT WARNING * * *
You feel your power leaking away. A mysterious force pulls you upwards.
The hatch slams shut behind you.
Reactivating autopickup.
Okay, then.
The mana viper misses you.
A sky beast appears from thin air!
The mana viper closely misses you. The sky beast closely misses you.
Okay, then.
The mana viper bites you but does no damage.
There is an open door here.
There's nothing to close nearby.
Unknown command.
It was a potion of haste.
You feel yourself speed up.
Cheibriados forgives your accidental hurry, just this once.
The mana viper bites you!!
You die...

##.## ####....## #.#.
##...#### ####.# #.#.
#.......# #.# #.#.
##...##.# ##+## #.#.
##.###.# ##...## #.##
#####)# ##<....######.##
##..# ##.......##......
##..[####Y........#.##...
#....)..@S........'......
##....####.........#.##...
#......####.......##.###..
#.......# ##.....###)###..
#......## ##...## #....(.
##....## ##'#########.#
##.### #.#...## #.# #.#
########..###.# #.# #.#
#...........#.# #.#


You could see a mana viper and a sky beast.

Vanquished Creatures
  A sky beast (D:5)
  A black bear (D:6)
  3 ogres
  A bullfrog (D:6)
  2 kobold brigands (D:6)
  A water moccasin skeleton (D:2)
  A centaur (D:4)
  2 orc priests (D:4)
  2 hounds
  A gnoll shaman (D:5)
  2 iguanas
  2 orc wizards
  A worker ant (D:5)
  A hound zombie (D:6)
  Robin (D:4)
  A howler monkey skeleton (D:4)
  11 adders
  11 gnolls
  2 oozes
  2 worms (D:2)
  4 leopard geckos
  20 orcs
  A ball python (D:6)
  3 giant cockroaches
  7 hobgoblins
  7 jackals
  3 bats
  2 frilled lizards
  16 goblins
  14 kobolds
  5 rats
131 creatures vanquished.

Notes
Turn   | Place    | Note
-------+----------+-------------------------------------------
     0 | D:1      | Mehrunes the Oni Earth Elementalist began the quest for the
                  | Orb.
     0 | D:1      | Reached XP level 1. HP: 14/14 MP: 6/6
   254 | D:1      | Reached XP level 2. HP: 20/22 MP: 1/7
   639 | D:1      | Reached skill level 1 in Fighting
   964 | D:2      | Reached XP level 3. HP: 28/28 MP: 6/9
   994 | D:2      | Found a bloodstained altar of Trog.
  1228 | D:2      | Learned a level 3 spell: Stone Arrow
  1304 | D:2      | Found a bloodstained altar of Trog.
  1316 | D:2      | Reached skill level 1 in Maces & Flails
  1316 | D:2      | Reached XP level 4. HP: 25/36 MP: 10/10
  1351 | D:2      | Found a blossoming altar of Fedhas.
  1356 | D:2      | Found a basalt altar of Yredelemnul.
  1361 | D:2      | Found a glowing silver altar of Zin.
  1792 | D:2      | Reached XP level 5. HP: 39/41 MP: 4/11
  1839 | D:2      | Learned a level 3 spell: Portal Projectile
  2050 | D:3      | Noticed an ogre
  2060 | D:3      | Killed an ogre
  2061 | D:3      | Reached skill level 1 in Slings
  2322 | D:3      | Reached XP level 6. HP: 37/48 MP: 2/12
  2587 | D:3      | Learned a level 4 spell: Petrify
  4255 | D:4      | Reached XP level 7. HP: 45/56 MP: 3/13
  4443 | D:4      | Found a staircase to the Ecumenical Temple.
  4471 | Temple   | Entered the Ecumenical Temple
  4595 | Temple   | Became a worshipper of Cheibriados the Contemplative
  4892 | D:4      | Reached * piety under Cheibriados
  4892 | D:4      | Noticed Robin
  4940 | D:4      | Killed Robin
  5291 | D:4      | Got a twisted hat
  5317 | D:4      | Identified the +1 hat of the Beggar {Str+3} (You found it
                  | on level 4 of the Dungeon)
  5815 | D:5      | Entered Level 5 of the Dungeon
  6035 | D:5      | Reached ** piety under Cheibriados
  6261 | D:5      | Found a corrupted altar of Lugonu.
  6370 | D:5      | Found a shimmering altar of Xom.
  6621 | D:5      | Found an iron altar of Okawaru.
  6671 | D:5      | Reached XP level 8. HP: 63/63 MP: 8/15
  7015 | D:5      | Found an opulent altar of Gozag.
  7157 | D:5      | Found a sparkling altar of Nemelex Xobeh.
  7397 | D:6      | Noticed a hippogriff
  7764 | D:6      | Noticed a snapping turtle
  8282 | D:6      | Noticed Grinder
  8299 | D:6      | Noticed a mana viper
  8311 | D:5      | Mangled by a mana viper (shapeshifter)

Skill      XL: |  1  2  3  4  5  6  7  8 |
---------------+-------------------------+-----
Dodging        | 2 3 4 |  4.3
Stealth        | 2 |  2.9
Fighting       | 1 2 3 4 |  4.1
Maces & Flails | 1 2 3 4 |  4.2
Spellcasting   | 3 |  3.9
Slings         | 1 2 3 4 |  4.5
Unarmed Combat | |  1.0
Conjurations   | |  3.9
Hexes          | |  3.9
Charms         | |  3.9
Summonings     | |  3.9
Necromancy     | |  3.9
Translocations | |  3.9
Transmutations | |  3.9
Fire Magic     | |  3.9
Ice Magic      | |  3.9
Air Magic      | |  3.9
Earth Magic    | |  3.9
Poison Magic   | |  3.9

Action                   |  1- 3 |  4- 6 |  7- 9 || total
-------------------------+-------+-------+-------++-------
Melee: Unarmed           |    14 |       |       ||    14
       Headbutt          |     6 |     4 |    15 ||    25
       Mace              |    20 |    30 |       ||    50
       Bite              |       |     4 |     8 ||    12
       Punch             |       |     1 |       ||     1
       Flail             |       |     6 |    45 ||    51
       Hunting sling     |       |       |     2 ||     2
 Fire: Hunting sling     |       |   102 |   235 ||   337
 Cast: Sandblast         |    41 |     8 |       ||    49
       Stone Arrow       |       |    17 |    12 ||    29
       Portal Projectile |       |     7 |    22 ||    29
       Petrify           |       |       |     6 ||     6
  Use: Scroll            |       |       |     6 ||     6
       Potion            |       |       |     1 ||     1
 Stab: Sleeping          |     1 |       |       ||     1
       Petrified         |       |       |    16 ||    16
       Petrifying        |       |       |     1 ||     1
  Eat: Chunk             |     3 |    12 |    20 ||    35
       Ration            |       |     2 |     2 ||     4
Armor: Ring mail         |    26 |    38 |    45 ||   109
Dodge: Dodged            |    46 |    77 |   150 ||   273
